 Dungeon Crawl Stone Soup version 0.31.0-32-g396128a36d (webtiles) character file.

Game seed: 5712276432508567803

70 PaiMei the Grave Robber (level 4, 0/32 HPs)
             Began as a Demonspawn Necromancer on Apr 17, 2024.
             Slain by an orc
             ... wielding a +0 mace
              (3 damage)
             ... on level 2 of the Dungeon.
             The game lasted 00:02:22 (2035 turns).

PaiMei the Grave Robber (Demonspawn Necromancer)    Turns: 2035, Time: 00:02:22

Health: 0/32       AC:  8    Str:  9    XL:     4   Next: 3%
Magic:  1/7        EV: 12    Int: 17    God:
Gold:   73         SH:  0    Dex: 13    Spells: 7/8 levels left

rFire   . . .        c - +0 dagger
rCold   . . .        (no shield)
rNeg    . . .        a - +0 robe
rPois   .            (no helmet)
rElec   .            (no cloak)
rCorr   .            (no gloves)
SInv    .            (no boots)
Will    .....        (no amulet)
Stlth   ++           (no ring)
HPRegen 0.25/turn    (no ring)
MPRegen 0.10/turn

%: no passive effects
@: sanguine armoured
A: foul stench 1, sanguine armour 1
a: no special abilities


You were on level 2 of the Dungeon.
You visited 1 branch of the dungeon, and saw 2 of its levels.

You collected 73 gold pieces.

Inventory:

Hand Weapons
 c - a +0 dagger (weapon)
Missiles
 k - 5 poisoned darts (quivered)
Armour
 a - a +0 robe (worn)
Scrolls
 e - 3 scrolls of amnesia {unknown}
 f - a scroll of enchant armour {unknown}
 g - a scroll of butterflies {unknown}
 h - 2 scrolls of identify {unknown}
 l - a scroll of noise {unknown}
Potions
 b - a potion of magic
 d - a potion of ambrosia {unknown}
 i - a potion of curing {unknown}
 j - a potion of mutation {unknown}


   Skills:
 + Level 1.2 Fighting
 + Level 2.4 Dodging
 - Level 2.0 Stealth
 + Level 2.6 Spellcasting
 + Level 4.9 Necromancy


You had 7 spell levels left.
You knew the following spells:

 Your Spells              Type           Power      Damage    Failure   Level
a - Necrotise             Necr           76%        1d7       2%          1

Your spell library contained the following spells:

 Spells                   Type           Power      Damage    Failure   Level
 Vampiric Draining        Necr           19%        2d7       7%          3
 Animate Dead             Necr           19%        N/A       24%         4
 Curse of Agony           Necr           19%        N/A       54%         5
 Vhi's Electric Charge    Tloc/Air       4%         N/A       88%         4
 Arcjolt                  Conj/Air       1%         1d11      99%         5
 Maxwell's Capacitive Co  Air            1%         ∞         100%        8


Dungeon Overview and Level Annotations

Branches:
Dungeon (2/15)

Altars:
Qazlal


Innate Abilities, Weirdness & Mutations

You may rarely emit foul miasma when damaged in melee.
When seriously injured, your blood forms armour. (AC +6)


Message History

The orc is heavily wounded.
The orc closely misses you.
You barely miss the orc.
The orc is heavily wounded.
The orc hits you with a +0 mace.
* * * LOW HITPOINT WARNING * * *
Casting: Necrotise (safe; 2% risk of failure)
Confirm with . or Enter, or press ? or * to list all spells.
Aiming: Necrotise (safe; 2% risk of failure)
Press: ? - help, Shift-Dir - straight line, f/p - orc
Aim: an orc, wielding a +0 dagger of venom and wearing a +0 chain mail (heavily wounded, chance to affect: 89%)
You miscast Necrotise.
You are very lightly contaminated with residual magic.
Nothing appears to happen.
The orc misses you.
Casting: Necrotise (safe; 2% risk of failure)
Confirm with . or Enter, or press ? or * to list all spells.
You don't have enough magic to cast this spell.
You barely miss the orc.
The orc is heavily wounded.
The orc hits you with a +0 mace.
* * * LOW HITPOINT WARNING * * *
Casting: Necrotise (safe; 2% risk of failure)
Confirm with . or Enter, or press ? or * to list all spells.
You don't have enough magic to cast this spell.
You hit the orc but do no damage.
The orc is heavily wounded.
The orc closely misses you.
Casting: Necrotise (safe; 2% risk of failure)
Confirm with . or Enter, or press ? or * to list all spells.
You don't have enough magic to cast this spell.
You hit the orc but do no damage.
The orc is heavily wounded.
The orc hits you but does no damage.
Your magical contamination has completely faded away.
Casting: Necrotise (safe; 2% risk of failure)
Confirm with . or Enter, or press ? or * to list all spells.
You don't have enough magic to cast this spell.
The orc hits you but does no damage. The orc attacks as it pursues you!
The orc hits you with a +0 mace.
You die...

..# #.# #######
#.# #.....#####
####.###..........
#oJ.oJ.K......###
#o##.###........#.
#.##.# #......#...
#.###o##.#
##.......#
#....@...#
##.##.###
#####.#### #.##$#
##.## #....Z
##...## ####J##
##.#.#.## ...
#.#...#.# ...
#..#.#..# ...
##.#.....####
.....
........)...+


You could see 3 orcs and an endoplasm.

Vanquished Creatures
  An orc priest (D:2)
  2 dart slugs (D:1)
  4 endoplasms (D:1)
  4 giant cockroaches (D:1)
  2 goblins (D:1)
  3 hobgoblins (D:1)
  4 jackals (D:2)
  4 kobolds (D:1)
  4 ball pythons
  2 bats (D:1)
  2 frilled lizards (D:1)
  A rat (D:1)
33 creatures vanquished.

Notes
Turn   | Place    | Note
-------+----------+-------------------------------------------
     0 | D:1      | PaiMei the Demonspawn Necromancer began the quest for the
                  | Orb.
     0 | D:1      | Reached XP level 1. HP: 13/13 MP: 3/3
   443 | D:1      | Gained mutation: You may rarely emit foul miasma when
                  | damaged in melee. [demonic ancestry]
   443 | D:1      | Reached XP level 2. HP: 16/19 MP: 0/5
  1198 | D:1      | Reached XP level 3. HP: 25/25 MP: 3/6
  1875 | D:2      | Found a stormy altar of Qazlal.
  1997 | D:2      | Reached skill level 1 in Fighting
  1997 | D:2      | Gained mutation: When seriously injured, your blood forms
                  | armour. (AC +6) [demonic ancestry]
  1997 | D:2      | Reached XP level 4. HP: 32/32 MP: 2/7
  2025 | D:2      | HP: 1/32 [orc/+0 mace (6)]
  2035 | D:2      | Slain by an orc

Illustrated notes

Levels and vault maps discovered:
D:1:      dpeg_arrival_tiny_g, layout_basic, minmay_misc_feat_iff,
          minmay_hedge_maze
D:2:      layout_loops_corners, basic_altar, kennysheep_doodads, uniq_jessica,
          uniq_sigmund, uniq_robin

Skill      XL: |  1  2  3 |
---------------+----------+-----
Dodging        | 2 |  2.4
Stealth        | 2 |  2.0
Fighting       | 1 |  1.2
Spellcasting   | |  2.6
Necromancy     | |  4.9

Action                     |  1- 3 |  4- 6 || total
---------------------------+-------+-------++-------
  Melee: Dagger            |    23 |    18 ||    41
         Unarmed           |     1 |       ||     1
         Punch             |       |     1 ||     1
   Cast: Necrotise         |    64 |     4 ||    68
 Armour: Robe              |    21 |    15 ||    36
  Dodge: Dodged            |    29 |    11 ||    40
